Map: Apotheosis LE

Players

eXile - Winner!

  • Race: Zerg Zerg
  • League: Diamond
  • Spawn Location: 5:00

Marineboy

  • Race: Terran Terran
  • League: Diamond
  • Spawn Location: 11:00

VOD

Have the link to the VOD?

Description

Time

  • Played on: July 14, 2018, 2:44 p.m.
  • Length: 35:35
Show
View Real Time Build Order
Export as new Build Order

eXile Zerg - Winner!

Build Orders: Hatch First, Muta Ling Bane, Swarm Host 

Get SALT Encoding   

  12  0:01  Drone  
  13  0:13  Overlord  
  13  0:21  Drone  
  14  0:33  Drone x2  
  16  0:39  Drone  
  17  0:54  Hatchery  
  16  0:59  Drone  
  16  1:01  Extractor  
  16  1:05  Drone  
  17  1:22  Spawning Pool, Drone  
  17  1:26  Drone  
  17  1:30  Drone  
  19  1:40  Overlord  
  19  2:08  Queen  
  19  2:09  Queen  
  19  2:11  Zergling x4  
  19  2:12  Zergling x2  
  26  2:15  Metabolic Boost  
  26  2:22  Evolution Chamber  
  25  2:26  Drone  
  25  2:54  Drone  
  25  2:55  Drone x5  
  31  3:04  Zerg Melee Weapons Level 1  
  31  3:05  Drone  
  31  3:11  Queen  
  34  3:36  Hatchery, Queen  
  35  3:55  Drone  
  36  3:56  Overlord x2  
  36  4:09  Overlord  
  36  4:22  Overlord  
  37  4:24  Zergling x12  
  37  4:25  Zergling x6  
  37  4:30  Drone x3  
  48  4:31  Drone x2  
  48  4:32  Drone  
  51  4:52  Drone x2  
  53  4:53  Drone x3  
  53  4:56  Baneling Nest, Queen  
  56  5:21  Drone  
  56  5:22  Drone x8  
  56  5:26  Extractor  
  56  5:27  Extractor  
  58  5:37  Spore Crawler  
  57  5:43  Spore Crawler  
  57  5:45  Spore Crawler  
  55  6:00  Drone x5  
  55  6:01  Drone x5  
  55  6:02  Lair  
  55  6:03  Zerg Ground Armor Level 1  
  65  6:21  Drone x4  
  65  6:22  Drone x5  
  74  6:25  Hatchery  
  64  6:58  Overlord x3  
  64  6:59  Overlord x3  
  64  7:04  Spire  
  64  7:06  Hatchery  
  64  7:07  Drone x3  
  65  7:10  Centrifical Hooks  
  65  7:15  Evolution Chamber  
  64  7:18  Drone  
  65  7:29  Hatchery  
  64  7:32  Overseer  
  64  7:33  Overseer x2  
  64  7:39  Zergling x2  
  64  7:40  Zergling x16  
  64  7:41  Zergling x8  
  70  8:17  Mutalisk  
  70  8:18  Mutalisk x4  
  76  8:20  Baneling  
  76  8:21  Baneling x3  
  76  8:25  Extractor x2  
  74  8:30  Baneling x3  
  74  8:43  Zergling x8  
  74  8:44  Zergling x24  
  90  9:10  Drone x5  
  90  9:11  Drone x8  
  90  9:15  Baneling x4  
  90  9:16  Baneling x4  
  103  9:18  Zerg Melee Weapons Level 2  
  103  9:25  Extractor  
  102  9:32  Extractor x2  
  97  9:48  Mutalisk x5  
  107  9:57  Hydralisk Den  
  106  10:05  Queen  
  108  10:07  Queen x2  
  112  10:15  Overlord x5  
  112  10:16  Overlord  
  112  10:29  Hatchery  
  111  10:49  Hydralisk x5  
  117  10:50  Hydralisk x6  
  131  11:10  Mutalisk x4  
  131  11:11  Mutalisk x5, Hydralisk  
  147  11:24  Hydralisk x6  
  147  11:42  Drone  
  147  11:43  Drone x7  
  147  11:44  Drone x6  
  161  11:53  Lurker Den  
  160  12:09  Overlord x3  
  160  12:10  Overlord x3  
  160  12:15  Extractor x2  
  158  12:17  Zergling x2  
  158  12:21  Grooved Spines  
  158  12:23  Infestation Pit  
  143  12:50  Zergling x6  
  143  12:51  Zergling x4  
  144  13:01  Zergling x16  
  144  13:02  Zergling x2  
  149  13:11  Swarm Host x8  
  149  13:12  Swarm Host x6  
  181  13:22  Baneling x2  
  181  13:23  Baneling x5  
  181  13:26  Drone x2  
  181  13:27  Drone x9  
  186  13:28  Drone x3  
  195  13:57  Hatchery  
  194  14:06  Hive  
  165  14:46  Hydralisk, Zergling x4  
  165  14:47  Zergling x12  
  165  14:48  Zergling x18  
  165  14:49  Zergling x8  
  188  15:12  Corruptor x5  
  198  15:16  Zerg Flyer Armor Level 1  
  198  15:18  Adaptive Talons  
  183  15:53  Zergling x16  
  183  15:54  Zergling x26  
  180  16:27  Zerg Missile Weapons Level 1  
  180  16:32  Muscular Augments  
  180  16:35  Zerg Melee Weapons Level 3  
  180  16:54  Adrenal Glands  
  180  17:09  Overlord x3  
  180  17:10  Overlord x2, Corruptor  
  180  17:11  Corruptor x6  
  194  17:15  Zerg Flyer Armor Level 2  
  194  17:16  Spire  
  151  17:50  Hydralisk x6  
  151  17:51  Hydralisk x5  
  131  18:21  Overseer x3  
  131  18:24  Pneumatized Carapace  
  131  18:33  Greater Spire  
  131  18:35  Zerg Missile Weapons Level 2  
  131  18:47  Lurker x3  
  131  18:48  Lurker x5  
  139  18:50  Lurker  
  139  18:54  Viper x6  
  158  19:26  Hydralisk  
  158  19:27  Hydralisk x8  
  158  19:28  Hydralisk x6  
  158  19:30  Corruptor x5  
  198  19:33  Zerg Flyer Armor Level 3  
  198  19:34  Zerg Ground Armor Level 2  
  193  20:55  Extractor  
  193  20:56  Extractor  
  191  21:01  Brood Lord  
  191  21:02  Brood Lord x3  
  199  21:25  Spine Crawler  
  198  21:26  Spine Crawler  
  198  21:28  Spine Crawler x2  
  185  21:33  Brood Lord x3  
  185  21:34  Brood Lord x2  
  171  22:26  Hydralisk x6  
  171  22:27  Corruptor x5, Hydralisk  
  171  22:28  Corruptor x2  
  197  22:43  Corruptor  
  197  22:44  Corruptor x3  
  190  22:54  Corruptor x6  
  190  22:55  Corruptor x6  
  186  23:11  Hydralisk x3  
  186  23:12  Hydralisk x6  
  178  23:33  Brood Lord  
  172  23:35  Zergling x10  
  172  23:36  Zergling x16  
  172  23:37  Zergling x10  
  178  24:01  Hydralisk x3  
  178  24:02  Hydralisk x4  
  160  24:24  Zergling x4  
  160  24:25  Zergling x16  
  160  24:26  Zergling x16  
  160  24:27  Zergling x14  
  134  25:08  Zergling x12  
  134  25:09  Zergling x18  
  134  25:10  Zergling x16  
  134  25:11  Zergling x6  
  144  25:24  Zergling x8  
  144  25:25  Zergling x12  
  110  26:11  Zergling x14  
  105  26:12  Zergling x16  
  105  26:13  Zergling x16  
  105  26:14  Zergling x4  
  114  26:21  Corruptor  
  106  26:52  Hatchery  
  90  27:09  Corruptor x2  
  90  27:10  Corruptor x4  
  95  27:35  Zergling x22  
  95  27:36  Zergling x32  
  112  28:11  Drone x6  
  112  28:12  Drone x8  
  126  28:26  Corruptor x8  
  126  28:27  Corruptor  
  144  28:37  Overseer x2  
  144  28:45  Extractor  
  144  28:46  Extractor  
  115  28:59  Hydralisk x4  
  115  29:00  Hydralisk  
  125  29:35  Hatchery  
  125  29:36  Lurker x2  
  125  29:37  Lurker x3  
  129  30:13  Zerg Missile Weapons Level 3  
  129  30:19  Brood Lord x3  
  135  30:22  Brood Lord  
  137  30:40  Hydralisk x4  
  137  30:41  Hydralisk x2  
  149  30:52  Zergling x18  
  149  30:53  Zergling x26  
  145  31:19  Drone x5  
  145  31:20  Drone x9  
  137  32:02  Extractor  
  137  32:03  Extractor  
  137  32:06  Lurker x5  
  137  32:08  Spine Crawler  
  139  32:22  Brood Lord x2  
  143  32:23  Brood Lord x2, Hydralisk  
  143  32:24  Hydralisk x7  
  163  32:38  Spine Crawler  
  163  32:41  Spine Crawler  
  161  32:53  Overseer x3  
  161  32:54  Overseer x2  
  161  33:21  Hydralisk x8  
  161  33:22  Hydralisk x7  
  191  33:47  Corruptor x4  
  140  34:35  Viper, Hydralisk x8  
  140  34:36  Hydralisk x8  
  140  34:37  Hydralisk  
Show
View Real Time Build Order
Export as new Build Order

Marineboy Terran 

Build Orders: Liberator Opening, Reaper Expand, Mech 

Get SALT Encoding   

  12  0:01  SCV  
  13  0:13  SCV  
  14  0:19  Supply Depot  
  14  0:25  SCV  
  15  0:40  SCV  
  16  0:45  Refinery, Barracks  
  16  0:52  SCV  
  17  1:04  SCV  
  18  1:17  SCV  
  19  1:32  Reaper  
  21  1:33  Orbital Command  
  20  1:45  Command Center  
  20  1:59  SCV  
  21  2:05  Marine, Factory  
  22  2:12  SCV  
  22  2:13  Supply Depot  
  23  2:18  Refinery  
  23  2:35  SCV  
  24  2:47  SCV  
  24  2:48  Barracks Reactor  
  25  2:57  Orbital Command  
  25  3:06  Starport  
  25  3:07  SCV  
  26  3:19  SCV  
  27  3:23  SCV  
  27  3:25  Liberator  
  28  3:32  Factory, Hellion  
  28  3:33  SCV, Hellion  
  33  3:35  SCV  
  37  3:52  SCV  
  37  3:53  SCV, Hellion  
  37  3:54  Hellion  
  37  3:55  Supply Depot  
  42  4:01  Refinery  
  42  4:04  SCV  
  42  4:06  SCV  
  42  4:08  Liberator  
  44  4:17  SCV, Factory Tech Lab  
  45  4:19  SCV  
  45  4:21  Hellion x2  
  50  4:26  Supply Depot  
  50  4:30  SCV  
  54  4:32  SCV  
  55  4:42  Hellion  
  55  4:43  Hellion  
  59  4:47  SCV x2  
  59  4:50  Supply Depot  
  61  4:54  Siege Tank  
  61  4:55  Command Center  
  64  5:00  SCV x2  
  62  5:20  Liberator  
  62  5:21  Hellion x2  
  58  5:31  SCV x2  
  63  5:46  SCV x2  
  63  5:49  Hellion x2  
  69  5:52  Refinery  
  69  5:54  Factory x2  
  69  5:55  Factory  
  69  5:59  SCV x2  
  69  6:03  Siege Tank  
  71  6:07  Orbital Command  
  71  6:11  Command Center  
  71  6:13  Hellion  
  71  6:16  Hellion  
  75  6:20  SCV  
  75  6:21  SCV  
  77  6:38  Factory Tech Lab x2  
  79  6:40  Factory Reactor, Orbital Command  
  77  6:55  SCV x2  
  77  6:56  Hellion  
  77  6:57  Siege Tank, Hellion  
  77  6:58  Siege Tank x2  
  77  7:01  Starport Reactor  
  92  7:07  Armory  
  92  7:09  SCV  
  92  7:14  Supply Depot  
  92  7:15  Supply Depot x2  
  93  7:23  SCV x3, Hellion x4  
  93  7:27  Orbital Command  
  104  7:31  Siege Tank  
  104  7:35  Siege Tank x2  
  113  7:39  Supply Depot  
  113  7:41  Supply Depot  
  109  8:17  Hellion x4  
  109  8:19  Viking x2  
  126  8:22  Thor x2  
  126  8:23  Hellion x6  
  126  8:24  Refinery  
  126  8:25  Refinery  
  126  8:26  Siege Tank  
  132  8:49  Viking x2  
  132  8:52  SCV x2  
  132  8:53  SCV  
  139  8:58  Engineering Bay  
  139  9:01  Thor  
  145  9:17  Terran Vehicle Weapons Level 1  
  145  9:26  Missile Turret  
  145  9:28  Missile Turret  
  145  9:30  Orbital Command  
  145  9:31  Missile Turret, Structure Armor  
  133  9:41  Siege Tank x2  
  133  9:44  Thor  
  145  9:46  Hellion  
  145  9:52  Hellion x3  
  153  9:53  Supply Depot x2  
  153  10:14  Smart Servos  
  153  10:15  Rapid Fire Launchers, Infernal Pre-Igniter  
  153  10:34  Command Center  
  153  10:35  Command Center  
  153  10:36  Refinery  
  153  10:40  Refinery  
  151  11:09  Missile Turret  
  151  11:12  SCV x4  
  151  11:14  Hi-Sec Auto Tracking  
  151  11:17  Terran Vehicle Weapons Level 2  
  153  11:20  Armory  
  153  11:24  SCV x2  
  153  11:25  SCV x2  
  156  11:29  Thor x2  
  156  11:30  Siege Tank  
  171  11:36  SCV  
  171  11:37  SCV x3  
  175  11:46  Planetary Fortress x2  
  175  11:51  SCV x4  
  179  11:55  Hellion x3  
  179  11:56  Hellion  
  187  12:08  Hellion x7  
  187  12:16  Terran Vehicle And Ship Armor Level 1  
  162  12:41  Missile Turret  
  160  13:10  Siege Tank x2  
  160  13:11  Siege Tank  
  166  13:13  SCV x4  
  166  13:14  SCV x2  
  172  13:38  Terran Vehicle Weapons Level 3  
  172  13:39  Command Center x2  
  172  13:40  Command Center  
  172  13:42  Command Center  
  172  13:49  SCV x3  
  172  13:50  SCV x3  
  172  13:53  Hellion x4  
  186  13:56  Hellion x11  
  186  14:01  SCV  
  186  14:02  SCV  
  165  15:04  Orbital Command x3  
  165  15:20  Sensor Tower  
  165  15:21  Sensor Tower  
  165  15:25  Terran Vehicle And Ship Armor Level 2  
  147  15:57  Siege Tank x3  
  147  16:03  Factory  
  156  16:05  Planetary Fortress, Factory  
  156  16:06  Factory  
  156  16:29  Siege Tank  
  159  16:33  Siege Tank x2  
  159  16:35  Terran Ship Weapons Level 1  
  165  16:55  Factory Tech Lab x3  
  165  17:00  Sensor Tower, Orbital Command  
  165  17:08  Fusion Core  
  155  17:46  Thor, Hellion x3  
  155  17:47  Thor, Hellion  
  155  17:48  Siege Tank  
  155  17:49  Siege Tank x3  
  187  18:05  Starport  
  187  18:06  Starport  
  187  18:07  Starport  
  187  18:11  Starport  
  181  18:32  Refinery  
  181  18:34  Refinery  
  181  18:42  Terran Ship Weapons Level 2  
  181  18:43  Terran Vehicle And Ship Armor Level 3  
  181  18:45  Starport Tech Lab  
  181  18:46  Starport Tech Lab  
  181  18:47  Starport Tech Lab  
  181  18:50  Starport Tech Lab  
  181  18:58  Starport  
  181  18:59  Starport  
  181  19:00  Starport  
  181  19:01  Starport  
  181  19:05  Battlecruiser x3  
  199  19:28  Command Center  
  199  19:30  Command Center  
  199  19:32  Command Center  
  199  19:35  Command Center  
  199  19:36  Starport Tech Lab  
  199  19:37  Starport Tech Lab  
  199  19:38  Starport Tech Lab x2  
  199  19:40  Command Center  
  197  20:41  Barracks Tech Lab  
  189  20:48  Barracks  
  189  20:50  Barracks  
  189  20:51  Ghost Academy, Barracks  
  189  20:56  Barracks  
  189  20:57  Barracks  
  189  21:27  Terran Ship Weapons Level 3  
  183  21:48  Barracks Tech Lab  
  183  21:49  Barracks Tech Lab x4  
  183  21:54  Unknown  
  162  22:41  Battlecruiser x6  
  164  23:04  Unknown x5  
  164  23:05  Unknown, Weapon Refit  
  131  23:32  Siege Tank x6  
  131  23:33  Viking  
  131  23:34  Viking  
  124  24:27  Thor x4  
  124  24:28  Thor  
  124  24:29  Viking x4  
  121  24:55  Barracks Tech Lab  
  121  24:57  Barracks Tech Lab  
  121  24:59  Barracks Tech Lab  
  103  25:18  Starport Reactor  
  87  25:25  Siege Tank x4  
  87  25:26  Siege Tank, Thor  
  87  25:27  Viking x2  
  103  25:30  Barracks Tech Lab  
  103  25:34  Orbital Command  
  44  26:24  Barracks Tech Lab  
  45  26:35  SCV  
  46  26:52  Unknown  
  30  27:10  Hellion  
  30  27:11  Siege Tank, Hellion x3  
  30  27:12  Siege Tank x3  
  47  27:25  Orbital Command  
  47  27:34  Hellion  
  47  27:35  Hellion x3  
  47  27:36  Hellion  
  54  27:47  Orbital Command  
  54  27:59  Orbital Command  
  60  28:06  Hellion x2  
  64  28:17  SCV  
  64  28:18  SCV x3  
  68  28:24  Refinery, SCV  
  68  28:25  Refinery  
  68  28:26  Orbital Command  
  69  28:30  SCV x3  
  69  28:33  Unknown x3  
  72  28:36  SCV  
  73  28:42  SCV  
  73  28:43  SCV x2  
  71  28:48  SCV  
  71  28:49  Command Center  
  71  28:55  SCV x4  
  75  29:04  SCV  
  75  29:07  SCV x4  
  80  29:13  Refinery  
  80  29:15  Refinery  
  80  29:16  SCV  
  81  29:19  SCV x3  
  86  29:40  Siege Tank  
  86  29:41  Hellion x2  
  86  29:42  Hellion x2  
  97  29:53  SCV  
  97  29:54  SCV x4  
  97  29:56  Unknown  
  102  30:04  Orbital Command  
  104  30:08  SCV  
  104  30:10  SCV  
  104  30:11  SCV  
  107  30:27  Personal Cloaking  
  107  30:28  Unknown  
  111  30:37  Command Center  
  113  30:57  Unknown x2  
  113  31:09  Unknown  
  109  31:18  Hellion x4  
  106  31:45  Unknown x3  
  103  32:03  Viking  
  103  32:04  Viking x4  
  117  32:36  SCV x6  
  123  32:38  Unknown  
  123  32:48  SCV x3  
  123  32:50  SCV  
  123  32:51  SCV x2  
  129  32:54  Unknown  
  129  33:00  SCV x2  
  129  33:03  Engineering Bay  
  131  33:17  SCV  
  131  33:18  SCV x6  
  138  33:30  Refinery, SCV x2  
  138  33:32  Refinery  
  140  33:40  Siege Tank  
  140  33:41  Siege Tank x4  
  70  34:42  Viking x6  
  55  35:01  Unknown x3  
  47  35:31  Unknown  
Tags
 
Add a new tag
Caveats
  • Supply blocks, unpowered buildings, or Contaminate may cause inaccurate times.
  • Supply counts are checked every 10 seconds.